 Dungeon Sprint DCSS version 0.27-a0-1046-g98bf31544f (webtiles) character file.

Game seed: 1802005759740291417

41988 mhtbhm the Sorcerer (level 13, -16/70 HPs)
             Began as a Deep Elf Fire Elementalist on Apr 20, 2021.
             Was the Champion of Vehumet.
             Killed from afar by a hellion (34 damage)
             ... with damnation
             ... in the Dungeon (Sprint V: "Ziggurat Sprint").
             The game lasted 00:18:42 (2728 turns).

mhtbhm the Sorcerer (Deep Elf Fire Elementalist)    Turns: 2728, Time: 00:18:43

Health: -16/70     AC: 14    Str:  5    XL:     13   Next: 83%
Magic:  33/41      EV: 17    Int: 38    God:    Vehumet [******]
Gold:   0          SH:  5    Dex: 11    Spells: 20/57 levels left

rFire    + . .     SeeInvis +   C - +8 lance "Wyrmbane" {slay drac, rPois rF+ rC+ AC+3}
rCold    + . .     Faith    .   (no shield)
rNeg     + . .     Spirit   .   a - +2 robe
rPois    +         Reflect  +   I - +4 helmet of Resilience {rN+ SInv}
rElec    +         Harm     .   D - +0 cloak {Will+}
rCorr    +         Rampage  +   (no gloves)
Will     ++...     NoTele   +   s - +0 pair of boots {rampage}
Stlth    +++.......             K - amulet of Midnight {Reflect rElec rCorr Dex-4 SH+5 SInv}
HPRegen  0.21/turn              u - +6 ring of intelligence
MPRegen  0.27/turn              v - +6 ring of intelligence

@: studying 2 skills
A: no striking features
a: Renounce Religion


You were in the Dungeon.
You worshipped Vehumet.
Vehumet was exalted by your worship.
You visited 1 branch

Inventory:

Hand Weapons
 w - the +7 great mace "Undeadhunter" {disrupt, rN+}
   (You found it in the Dungeon)

   It protects you from negative energy.
 C - the +8 lance "Wyrmbane" (weapon) {slay drac, rPois rF+ rC+ AC+3}
   (You found it in the Dungeon)

   It affects your AC (+3).
   It protects you from fire.
   It protects you from cold.
   It protects you from poison.
 M - the +7 lajatang of Order {silver, rMut}
   (You found it in the Dungeon)

   It protects you from mutation.
Armour
 a - a +2 robe (worn)
 s - a +0 pair of boots of rampaging (worn)
 D - a +0 cloak of willpower (worn)
 G - the +2 hood of the Assassin {Detection Stab+ Stlth++}
   (You found it in the Dungeon)

   It makes you much more stealthy.
 I - the +4 helmet of Resilience (worn) {rN+ SInv}
   (You found it in the Dungeon)

   It protects you from negative energy.
   It lets you see invisible.
Jewellery
 u - a +6 ring of intelligence (left hand)
 v - a +6 ring of intelligence (right hand)
 K - the amulet of Midnight (around neck) {Reflect rElec rCorr Dex-4 SH+5 SInv}
   (You found it in the Dungeon)

   [amulet of reflection]

   It reflects blocked missile attacks.
   It affects your dexterity (-4).
   It insulates you from electricity.
   It lets you see invisible.
   It protects you from acid and corrosion.
   It affects your SH (+5).
 N - an amulet of magic regeneration
Wands
 y - a wand of mindburst (4)
 z - a wand of iceblast (1)
Scrolls
 m - 4 scrolls of amnesia
 n - 7 scrolls of fog
 o - a scroll of holy word
 p - 5 scrolls of identify
 q - 2 scrolls of fear
 t - 6 scrolls of brand weapon
 x - 4 scrolls of enchant armour
 Q - 4 scrolls of enchant weapon
Potions
 b - 2 potions of brilliance
 c - 9 potions of curing
 d - 4 potions of heal wounds
 e - 10 potions of haste
 f - 7 potions of magic
 g - 2 potions of berserk rage
 i - a potion of invisibility
 j - 4 potions of resistance
 k - a potion of experience
 l - 5 potions of might
Miscellaneous
 r - a phantom mirror
 A - a tin of tremorstones (2/2)
 B - a lightning rod (4/4)
 E - a condenser vane (inert)
 F - a box of beasts
 H - a piece from Xom's chessboard (15/15)
 J - a box of beasts


   Skills:
 + Level 3.9 Fighting
 + Level 1.8 Polearms
 + Level 13.3 Dodging
 - Level 6.3 Stealth
 + Level 1.0 Shields
 + Level 22.6 Spellcasting
 + Level 17.4 Conjurations
 + Level 1.0 Summonings
 + Level 22.3 Fire Magic
 + Level 4.0 Earth Magic
 + Level 14.1 Evocations


You had 20 spell levels left.
You knew the following spells:

 Your Spells              Type           Power      Damage    Failure   Level
a - Foxfire               Conj/Fire      100%       2x1d9     0%          1
b - Conjure Flame         Conj/Fire      100%       6-21      0%          3
c - Inner Flame           Hex/Fire       91%        N/A       0%          3
d - Sticky Flame          Conj/Fire      100%       2d11      0%          4
e - Fireball              Conj/Fire      57%        3d22      0%          5
f - Iron Shot             Conj/Erth      45%        9d9       1%          6
g - Spellforged Servitor  Conj/Summ      42%        N/A       3%          7
h - Lehudib's Crystal Sp  Conj/Erth      45%        10d11     12%         8

Your spell library contained the following spells:

 Spells                   Type           Power      Damage    Failure   Level
 Ignition                 Fire           59%        3d16      1%          8
 Fire Storm               Conj/Fire      57%        8d14      4%          9
 Chain Lightning          Conj/Air       41%        N/A       26%         8
 Magic Dart               Conj           100%       1d8       0%          1
 Shock                    Conj/Air       100%       1d9       0%          1
 Static Discharge         Conj/Air       83%        N/A       0%          2
 Stone Arrow              Conj/Erth      100%       3d13      0%          3
 Iskenderun's Battlesphe  Conj           100%       2d15      0%          5
 Beastly Appendage        Tmut           84%        N/A       1%          1
 Corona                   Hex            46%        N/A       1%          1
 Sandblast                Erth           100%       2d20      1%          1
 Sting                    Tmut/Pois      100%       1d8       1%          1
 Summon Small Mammal      Summ           100%       N/A       1%          1
 Blink                    Tloc           N/A        N/A       1%          2
 Call Imp                 Summ           50%        N/A       1%          2
 Corpse Rot               Necr/Air       N/A        N/A       1%          2
 Ensorcelled Hibernation  Hex/Ice        84%        N/A       1%          2
 Passwall                 Tmut/Erth      45%        N/A       1%          2
 Poisonous Vapours        Pois/Air       84%        N/A       1%          2
 Slow                     Hex            42%        N/A       1%          2
 Sublimation of Blood     Necr           21%        N/A       1%          2
 Wereblood                Tmut           42%        N/A       1%          2
 Confusing Touch          Hex            42%        N/A       1%          3
 Dazzling Flash           Conj/Hex       100%       N/A       1%          3
 Ignite Poison            Fire/Tmut/Pois 78%        N/A       1%          3
 Mephitic Cloud           Conj/Pois/Air  72%        N/A       1%          3
 Portal Projectile        Hex/Tloc       84%        N/A       1%          3
 Spider Form              Tmut/Pois      21%        N/A       1%          3
 Summon Guardian Golem    Hex/Summ       46%        N/A       1%          3
 Animate Armour           Summ/Erth      100%       N/A       1%          4
 Olgreb's Toxic Radiance  Pois           42%        N/A       1%          4
 Irradiate                Conj/Tmut      41%        3d27      1%          5
 Lee's Rapid Deconstruct  Erth           32%        3d18*     1%          5
 Lightning Bolt           Conj/Air       41%        1d60      1%          5
 Leda's Liquefaction      Hex/Erth       27%        N/A       2%          4
 Petrify                  Tmut/Erth      55%        N/A       2%          4
 Freezing Cloud           Conj/Ice/Air   36%        6-21      2%          6
 Summon Ice Beast         Ice/Summ       46%        N/A       4%          4
 Summon Lightning Spire   Summ/Air       46%        N/A       4%          4
 Yara's Violent Unravell  Hex/Tmut       21%        3d10      4%          5
 Cause Fear               Hex            21%        N/A       5%          4
 Dispel Undead            Necr           42%        3d17      5%          4
 Ice Form                 Ice/Tmut       42%        N/A       5%          4
 Borgnjor's Vile Clutch   Necr/Erth      27%        N/A       7%          5
 Agony                    Necr           42%        N/A       16%         5
 Alistair's Intoxication  Tmut/Pois      28%        N/A       16%         5
 Excruciating Wounds      Necr           21%        N/A       16%         5
 Hydra Form               Tmut           21%        N/A       16%         5
 Silence                  Hex/Air        21%        N/A       16%         5
 Eringya's Noxious Bog    Tmut/Pois      21%        N/A       22%         6
 Shadow Creatures         Summ           N/A        N/A       50%         6
 Simulacrum               Ice/Necr       21%        N/A       65%         6
 Ozocubu's Refrigeration  Ice            21%        4d9       71%         7
 Monstrous Menagerie      Summ           25%        N/A       97%         7
 Summon Hydra             Summ           25%        N/A       97%         7
 Haunt                    Necr/Summ      23%        N/A       98%         7
 Malign Gateway           Summ/Tloc      23%        N/A       98%         7
 Dragon Form              Tmut           21%        N/A       99%         7
 Discord                  Hex            21%        N/A       100%        8
 Summon Horrible Things   Summ           25%        N/A       100%        8
 Dragon's Call            Summ           25%        N/A       100%        9
 Tornado                  Air            21%        N/A       100%        9


Dungeon Overview and Level Annotations

Branches:
Dungeon (1/1)

Altars:
Ashenzari
Cheibriados
Dithmenos
Elyvilon
Fedhas
Gozag
Hepliaklqana
Kikubaaqudgha
Makhleb
Nemelex Xobeh
Okawaru
Qazlal
Ru
Sif Muna
Trog
Uskayaw
Vehumet
Wu Jian
Xom
Yredelemnul
Zin
The Shining One
Beogh
Jiyva
Lugonu


Message History

The giant cockroach zombie is engulfed in freezing vapours.
The jackal zombie is engulfed in freezing vapours.
Unknown command.
Unknown command.
Casting: Spellforged Servitor (dangerous; 3% risk of failure)
Confirm with . or Enter, or press ? or * to list all spells.
Aiming: Fireball (safe; 0% risk of failure)
Press: ? - help, Shift-Dir - straight line, f - hellion
Aim: a hellion (heavily wounded, ally target)
The fireball explodes!
The fireball engulfs the hellion!!!
You kill the hellion!
Vehumet accepts your kill.
You feel your power returning.
The fireball engulfs the red devil.
The red devil completely resists.
The red devil is almost dead.
The fireball engulfs the shadow!!!
You destroy the shadow!
Vehumet accepts your kill.
Vehumet offers you knowledge of Fire Storm, Chain Lightning, and Ignition.
These spells will remain available as long as you worship Vehumet.
The hellion gestures at you.
The sphere of damnation explodes!
The damnation engulfs you!! The hell hound breathes flames at you.
The blast of flame hits your spellforged servitor.
Your spellforged servitor completely resists.
The blast of flame hits you. You resist.
* * * LOW HITPOINT WARNING * * *
The adder skeleton is engulfed in freezing vapours.
The ball python skeleton is engulfed in freezing vapours.
You destroy the ball python skeleton!
Vehumet accepts your kill.
The jackal zombie is engulfed in freezing vapours.
The giant cockroach zombie is engulfed in freezing vapours.
Your spellforged servitor casts a spell at the hell hound.
The crystal spear hits the hell hound!!!
The hell hound dies!
Vehumet accepts your kill.
The rust devil is engulfed in freezing vapours.
The hellion gestures at you.
The sphere of damnation explodes!
The damnation engulfs you!!
You die...

......8▓
..[:[[=).[):)..▓...)[|)}
......_▓
.§§§§§§§§§§§§§.▓........
......8▓
..§§§§Z4§§§§...▓........
......_▓
..2.Zn§Z.....Z.▓........
......8▓
.....WW.†.Zn...▓........
......_▓
......W4.......▓......).
......8▓
.......8.......▓..▓.....
..=..._▓
...............▓.▓▓▓....
......8▓
...▓...@...▓...▓..▓.....
......_▓ . ▓▓.....▓▓
.▓........ 8_8_8_8▓
...▓.......▓...▓......©.
▓▓▓▓▓▓▓▓
...............▓▓▓▓▓▓▓▓▓
.......©.......▓.....8©8
▓▓▓▓▓▓▓▓▓▓▓▓▓▓▓▓...})[)|
▓..[.[[)) ▓.÷....).
▓.)......


You could see a flayed ghost, a rust devil, a hellion, 2 wraiths, a red devil, 2
necrophages, a jackal zombie, a giant cockroach zombie, a ball python skeleton,
2 adder skeletons and a friendly spellforged servitor (summoned).

Vanquished Creatures
  A shadow dragon (D)
  An azure jelly (D)
  A ghoul (D)
  2 reapers (D)
  A vampire knight (D)
  A purple draconian (D)
  2 black draconians (D)
  A mummy priest (D)
  2 death yaks (D)
  2 orc high priests (D)
  2 vampire magi (D)
  3 spriggan berserkers (D)
  4 soul eaters (D)
  2 skeletal warriors (D)
  An orc knight (D)
  9 necromancers (D)
  2 shining eyes (D)
  An orc sorcerer (D)
  7 ugly things (D)
  A moth of wrath (D)
  6 draconians (D)
  A rust devil (D)
  5 toenail golems (D)
  2 cane toads (D)
  2 hellions (D)
  An unseen horror (shapeshifter) (D)
  2 ice devils (D)
  A red devil (D)
  2 tormentors (D)
  A wind drake (D)
  A polar bear (D)
  4 slime creatures (D)
  A blink frog (D)
  A dream sheep (D)
  6 air elementals (D)
  2 vampires (D)
  A flying skull (D)
  3 shadows (D)
  A yak (D)
  A wyvern (D)
  A fire elemental (D)
  A golden eye (D)
  A neqoxec (D)
  2 wargs (D)
  3 hell hounds (D)
  6 water moccasins (D)
  8 orc warriors (D)
  4 necrophages (D)
  2 ogres (D)
  A phantom (D)
  3 wights (D)
  2 jellies (D)
  An orc priest (D)
  An orc wizard (D)
  5 mummies (D)
  4 spectral adders (D)
  5 adder zombies (D)
  2 adder skeletons (D)
  An orc (D)
  2 spectral bats (D)
  2 bat skeletons (D)
  2 endoplasms (D)
  7 ball python skeletons (D)
  3 ball python zombies (D)
  A giant cockroach zombie (D)
  2 jackal skeletons (D)
  A jackal zombie (D)
  2 quokka skeletons (D)
  2 quokka zombies (D)
  2 spectral giant cockroaches (D)
  A spectral quokka (D)
170 creatures vanquished.

Vanquished Creatures (collateral kills)
  A shadow dragon (D)
  A hell hound (D)
  A bat zombie (D)
3 creatures vanquished.

Grand Total: 173 creatures vanquished

Notes
Turn   | Place    | Note
-------+----------+-------------------------------------------
     0 | D        | mhtbhm the Deep Elf Fire Elementalist began the quest for
                  | the Orb.
     0 | D        | Reached XP level 1. HP: 10/10 MP: 6/6
     0 | D        | Found a shimmering blue altar of Sif Muna.
     0 | D        | Found a bloodstained altar of Trog.
     0 | D        | Found a sacrificial altar of Ru.
     0 | D        | Found a stormy altar of Qazlal.
     0 | D        | Found an iron altar of Okawaru.
     1 | D        | Found a sparkling altar of Nemelex Xobeh.
     1 | D        | Found a blossoming altar of Fedhas.
     2 | D        | Found the +6 Majin-Bo {vamp, MP+6 Int+6}
     2 | D        | Found the +9 heavy crossbow "Sniper" {vorpal, Acc+∞ SInv}
     2 | D        | Found the +10 dark maul {vorpal}
     2 | D        | Found the +15 Maxwell's patent armour {-Cast -Tele rElec
                  | Will+ rCorr}
     2 | D        | Found the +18 shield of the Gong {rElec rN+ Will+ EV-5}
     2 | D        | Found the +14 obsidian axe {vorpal, Drain Fly SInv}
     2 | D        | Found the +7 great mace "Firestarter" {inner flame, rF++}
     2 | D        | Found the +6 shillelagh "Devastator" {shatter}
     2 | D        | Found the +11 plutonium sword {Contam Stlth-}
     2 | D        | Found the +8 lance "Wyrmbane" {slay drac, rPois rF+ rC+
                  | AC+3}
     2 | D        | Found the +9 sword of Zonguldrok {reap}
     2 | D        | Found the +13 scythe of Curses {drain, Drain}
     2 | D        | Found the +5 sword of Power {vorpal}
     2 | D        | Found the +7 mace of Variability {chain chaos}
     2 | D        | Found the +7 Singing Sword {vorpal, sonic wave}
     2 | D        | Found the +8 storm bow {elec, penet}
     3 | D        | Found a transporter.
     3 | D        | Found an ancient bone altar of Kikubaaqudgha.
     3 | D        | Found a viscous altar of Jiyva.
     3 | D        | Found a corrupted altar of Lugonu.
     3 | D        | Found a hazy altar of Hepliaklqana.
     3 | D        | Found a burning altar of Makhleb.
     3 | D        | Found an opulent altar of Gozag.
    35 | D        | Became a worshipper of Vehumet
    67 | D        | Entered arena 2.
    67 | D        | Found a transporter.
    68 | D        | Found the +2 Maxwell's thermic engine {flame, freeze}
    71 | D        | Reached XP level 2. HP: 15/15 MP: 6/8
    72 | D        | Reached skill level 5 in Fire Magic
   101 | D        | Entered arena 3.
   101 | D        | Noticed a hell hound
   101 | D        | Noticed a hell hound
   101 | D        | Noticed a fire elemental
   101 | D        | Found a transporter.
   103 | D        | Killed a hell hound
   103 | D        | Reached * piety under Vehumet
   103 | D        | Offered knowledge of Magic Dart by Vehumet.
   103 | D        | Killed a fire elemental
   104 | D        | Reached skill level 5 in Stealth
   104 | D        | Reached skill level 10 in Fire Magic
   104 | D        | Reached XP level 3. HP: 16/19 MP: 10/14
   104 | D        | Reached XP level 4. HP: 20/24 MP: 10/15
   104 | D        | Reached XP level 5. HP: 23/28 MP: 11/17
   104 | D        | Reached XP level 6. HP: 27/32 MP: 11/18
   105 | D        | Killed a hell hound
   118 | D        | Learned a level 3 spell: Conjure Flame
   122 | D        | Learned a level 3 spell: Inner Flame
   127 | D        | Learned a level 4 spell: Sticky Flame
   133 | D        | Learned a level 5 spell: Fireball
   155 | D        | Entered arena 4.
   155 | D        | Noticed a mummy priest
   155 | D        | Found a transporter.
   156 | D        | Reached ** piety under Vehumet
   159 | D        | Killed a mummy priest
   159 | D        | Reached *** piety under Vehumet
   160 | D        | Reached XP level 7. HP: 20/36 MP: 5/23
   160 | D        | Reached XP level 8. HP: 22/41 MP: 5/25
   263 | D        | Entered arena 5.
   263 | D        | Noticed a green ugly thing
   263 | D        | Noticed a cyan ugly thing
   263 | D        | Noticed a red ugly thing
   263 | D        | Noticed a purple ugly thing
   263 | D        | Found a transporter.
   266 | D        | Killed a cyan ugly thing
   266 | D        | Offered knowledge of Freeze by Vehumet.
   266 | D        | Killed a purple ugly thing
   267 | D        | Reached skill level 15 in Fire Magic
   267 | D        | Reached skill level 5 in Evocations
   267 | D        | Reached XP level 9. HP: 40/45 MP: 12/27
   273 | D        | Killed a red ugly thing
   273 | D        | Killed a purple ugly thing
   273 | D        | Reached **** piety under Vehumet
   274 | D        | Reached skill level 5 in Conjurations
   278 | D        | Got the Disquisition on the Creative Mountains
   344 | D        | Entered arena 6.
   344 | D        | Noticed a toenail golem
   344 | D        | Noticed a toenail golem
   344 | D        | Noticed a toenail golem
   344 | D        | Noticed a toenail golem
   344 | D        | Noticed a toenail golem
   344 | D        | Found a transporter.
   347 | D        | Killed a toenail golem
   350 | D        | Killed a toenail golem
   352 | D        | Killed a toenail golem
   355 | D        | Killed a toenail golem
   355 | D        | Killed a toenail golem
   355 | D        | Reached ***** piety under Vehumet
   356 | D        | Reached XP level 10. HP: 27/51 MP: 12/30
   496 | D        | Entered arena 7.
   496 | D        | Noticed a white ugly thing
   496 | D        | Noticed a white ugly thing
   496 | D        | Noticed a brown ugly thing
   496 | D        | Noticed a shining eye
   498 | D        | Offered knowledge of Ignite Poison by Vehumet.
   500 | D        | Killed a white ugly thing
   501 | D        | Reached skill level 10 in Dodging
   501 | D        | Reached skill level 15 in Spellcasting
   502 | D        | Killed a shining eye
   502 | D        | Killed a white ugly thing
   503 | D        | Killed a red ugly thing
   588 | D        | Found a transporter.
   595 | D        | Got the ring "Okhleigh" {rPois rF+ Int+2 Dex+6}
   600 | D        | Entered arena 8.
   604 | D        | Reached ****** piety under Vehumet
   606 | D        | Found a transporter.
   694 | D        | Entered arena 9.
   695 | D        | Offered knowledge of Frozen Ramparts by Vehumet.
   697 | D        | Reached XP level 11. HP: 30/55 MP: 33/33
   770 | D        | Found a transporter.
   776 | D        | Got the Handbook of Flying Earth
   780 | D        | Got the ring "Sotijiob" {rF+ Dex+10}
   837 | D        | Entered arena 10.
   838 | D        | Found the +7 great mace "Undeadhunter" {disrupt, rN+}
   838 | D        | Offered knowledge of Lightning Bolt by Vehumet.
   841 | D        | Found a transporter.
   873 | D        | Entered arena 11.
   873 | D        | Noticed a black draconian
   873 | D        | Noticed a black draconian
   873 | D        | Noticed a purple draconian
   874 | D        | Identified the ring "Yhapt" {rElec rPois}
   874 | D        | Identified the +8 morningstar "Baba" {antimagic, rC- Str+4
                  | Int+7}
   877 | D        | Killed a black draconian
   878 | D        | Reached skill level 10 in Conjurations
   878 | D        | Reached skill level 10 in Evocations
   878 | D        | Killed a black draconian
   879 | D        | Reached skill level 1 in Fighting
   882 | D        | Found a transporter.
   884 | D        | Killed a purple draconian
  1015 | D        | Entered arena 12.
  1015 | D        | Noticed a skeletal warrior
  1015 | D        | Noticed a necromancer
  1015 | D        | Noticed a necromancer
  1016 | D        | Offered knowledge of Eringya's Noxious Bog by Vehumet.
  1016 | D        | Noticed a vampire knight
  1016 | D        | Noticed a vampire mage
  1019 | D        | Killed a skeletal warrior
  1019 | D        | Killed a vampire mage
  1020 | D        | Killed a necromancer
  1021 | D        | Killed a vampire knight
  1022 | D        | Reached XP level 12. HP: 61/61 MP: 11/36
  1165 | D        | Found a transporter.
  1184 | D        | Got Sif Muna's Disquisition on Toxic Sinister Arts
  1197 | D        | Got the Reference Book on Ashen Arcane Weapons
  1204 | D        | Entered arena 13.
  1205 | D        | Found the +2 hood of the Assassin {Detection Stab+ Stlth++}
  1205 | D        | Found the +3 hat of Pondering {ponderous, Will+ MP+10
                  | Int+5}
  1206 | D        | Offered knowledge of Bolt of Magma by Vehumet.
  1206 | D        | Noticed an azure jelly
  1210 | D        | Killed an azure jelly
  1212 | D        | Found the +7 lajatang of Order {silver, rMut}
  1212 | D        | Found a transporter.
  1246 | D        | Got the ring "Yxzesop" {rN+ Will- Str+5 Int+6}
  1264 | D        | Entered arena 14.
  1265 | D        | Noticed a shadow dragon
  1267 | D        | Noticed a ghoul
  1273 | D        | Killed a shadow dragon
  1279 | D        | Killed a ghoul
  1527 | D        | Found a transporter.
  1540 | D        | Got the +4 helmet of Resilience {rN+ SInv}
  1551 | D        | Got Gifufudo's Disquisition on Freezing Transmutation
  1558 | D        | Entered arena 15.
  1560 | D        | Found a transporter.
  1560 | D        | Noticed a shadow dragon
  1564 | D        | Offered knowledge of Conjure Ball Lightning by Vehumet.
  1568 | D        | Reached skill level 15 in Conjurations
  1580 | D        | Killed a shadow dragon
  1750 | D        | Got the amulet of Midnight {Reflect rElec rCorr Dex-4 SH+5
                  | SInv}
  1759 | D        | Got the Compendium of Beguiling
  1763 | D        | Got the Grimoire of Slavery and the Birds
  1765 | D        | Got Sif Muna's Volume of Lightness and Stones
  1772 | D        | Entered arena 16.
  1773 | D        | Noticed an orc high priest
  1773 | D        | Noticed an orc high priest
  1775 | D        | Offered knowledge of Starburst by Vehumet.
  1776 | D        | Killed an orc high priest
  1777 | D        | Killed an orc high priest
  1778 | D        | Reached XP level 13. HP: 59/66 MP: 35/39
  1779 | D        | Paralysed by an orc sorcerer for 3 turns
  1783 | D        | Reached skill level 1 in Polearms
  1832 | D        | Found the +3 giant club "Skullcrusher" {speed, Str+7}
  1832 | D        | Found a transporter.
  1852 | D        | Got the ring of Surprise {Fly Stlth+}
  1955 | D        | Entered arena 17.
  1964 | D        | Learned a level 6 spell: Iron Shot
  1965 | D        | Noticed a reaper
  1966 | D        | Found the +27 Lear's hauberk
  1967 | D        | Offered knowledge of Spellforged Servitor by Vehumet.
  1968 | D        | Noticed a reaper
  1972 | D        | Killed a reaper
  1976 | D        | HP: 3/68 [reaper/+2 scythe (28)]
  1978 | D        | Found a transporter.
  1980 | D        | Killed a reaper
  2130 | D        | Got the ring of Irrepressible Laughter {Fly rCorr}
  2148 | D        | Learned a level 7 spell: Spellforged Servitor
  2198 | D        | Entered arena 18.
  2203 | D        | Offered knowledge of Orb of Destruction by Vehumet.
  2217 | D        | Reached skill level 1 in Earth Magic
  2221 | D        | Identified the +8 war axe of the Devouring Ass {vorpal,
                  | rCorr Str-5 Int+6 Dex-4}
  2221 | D        | Identified the ring of Xunai {Str+2 Dex+6}
  2465 | D        | Found a transporter.
  2501 | D        | Entered arena 19.
  2506 | D        | Found a transporter.
  2507 | D        | Identified the +9 dagger "Faupreq" {drain, rC++}
  2507 | D        | Offered knowledge of Lehudib's Crystal Spear by Vehumet.
  2511 | D        | Reached skill level 1 in Shields
  2635 | D        | Got the Almanac of Supportive Lightness
  2642 | D        | Got the ring of the Median {rCorr MP+9}
  2693 | D        | Learned a level 8 spell: Lehudib's Crystal Spear
  2718 | D        | Entered arena 20.
  2727 | D        | Reached skill level 1 in Summonings
  2728 | D        | Offered knowledge of Fire Storm by Vehumet.
  2728 | D        | Offered knowledge of Chain Lightning by Vehumet.
  2728 | D        | Offered knowledge of Ignition by Vehumet.
  2728 | D        | Killed from afar by a hellion

Illustrated notes

Levels and vault maps discovered:
D:        sprint_v [room_start, room_1, room_2, room_3, room_4, room_5, room_6,
          room_7, room_8, room_9, room_10, room_11, room_12, room_13, room_14,
          room_15, room_16, room_17, room_18, room_19, room_20, room_21,
          room_22, room_23, room_24, room_25, room_26, room_27]

Skill      XL: |  1  2  3  4  5  6  7  8  9 10 11 12 13 |
---------------+----------------------------------------+-----
Dodging        | 3 6 8 9 10 11 13 | 13.3
Stealth        | 3 5 6 |  6.3
Fire Magic     | 4 10 14 15 17 18 19 21 22 | 22.3
Spellcasting   | 7 11 12 14 16 18 20 22 | 22.6
Evocations     | 2 4 5 7 9 11 12 14 | 14.1
Conjurations   | 3 4 7 9 13 15 17 | 17.4
Fighting       | 1 2 3 |  3.9
Polearms       | 1 |  1.8
Earth Magic    | 4 |  4.0
Shields        | 1 |  1.0
Summonings     | 1 |  1.0

Action                   |  1- 3 |  4- 6 |  7- 9 | 10-12 | 13-15 || total
-------------------------+-------+-------+-------+-------+-------++-------
Melee: Lance             |       |       |       |     4 |       ||     4
 Cast: Fireball          |       |     4 |     9 |    46 |    26 ||    85
       Sticky Flame      |       |       |       |     1 |       ||     1
       Iron Shot         |       |       |       |       |     4 ||     4
       Spellforged Servi |       |       |       |       |     1 ||     1
Evoke: Wand              |     5 |     1 |     6 |     3 |     1 ||    16
       Lightning rod     |     1 |     1 |     2 |     9 |     4 ||    17
       Tin of tremorston |       |       |       |     5 |     5 ||    10
       Condenser vane    |       |       |       |     4 |     6 ||    10
       Box of beasts     |       |       |       |     1 |       ||     1
  Use: Scroll            |       |       |     2 |     1 |     1 ||     4
       Potion            |       |       |       |     8 |     5 ||    13
Armor: Robe              |       |       |       |    10 |     4 ||    14
Dodge: Dodged            |       |       |     3 |    42 |     1 ||    46
Block: Other             |       |       |       |       |     1 ||     1

Table legend: (Time is in decaauts)
 A = Elapsed time spent in this place.
 B = Non-inter-level travel time spent in this place.
 C = Inter-level travel time spent in this place.
 D = Time resting spent in this place.
 E = Time spent auto-exploring this place.
 F = Levels seen in this place.
 G = Mean time per level.
                   A        B        C        D        E       F      G
               +--------+--------+--------+--------+--------+-----+--------+
         Total |   2743 |   2743 |      0 |   1899 |      0 |   1 | 2743.0 |
       Dungeon |   2743 |   2743 |      0 |   1899 |      0 |   1 | 2743.0 |
               +--------+--------+--------+--------+--------+-----+--------+

Top non-repeatable levels by time:
       D: 2743 daAuts
